 Dungeon Crawl Stone Soup version 0.28-a0-664-gc179e30c89 (webtiles) character file.

Game seed: 8974597847595943922

11491 Johnny the Fencer (level 12, -2/136 HPs)
             Began as a Human Berserker on Oct 15, 2021.
             Was a High Priest of Trog.
             Slain by a meliai (3 damage)
             ... on level 11 of the Dungeon.
             The game lasted 00:11:36 (9052 turns).

Johnny the Fencer (Human Berserker)                 Turns: 9052, Time: 00:11:37

Health: -2/136     AC: 13    Str: 22    XL:     12   Next: 8%
Magic:  12/12      EV: 13    Int:  8    God:    Trog [*****.]
Gold:   719        SH:  0    Dex: 13    Spells: 11/11 levels left

rFire   . . .      SeeInvis .   H - +2 demon blade (flame)
rCold   . . .      Faith    .   (no shield)
rNeg    + . .      Spirit   .   Q - +0 acid dragon scales
rPois   .          Reflect  .   l - +0 helmet
rElec   .          Harm     .   (no cloak)
rCorr   +          Rampage  .   (no gloves)
Will    ++...                   D - +0 pair of boots
Stlth   ..........              g - amulet of regeneration
HPRegen 2.32/turn               B - +4 ring of protection
MPRegen 0.13/turn               L - ring of positive energy

@: berserking, lethally poisoned (-2 -> -3), marked, strong-willed,
regenerating, very quick
A: no striking features
a: Renounce Religion, Berserk, Trog's Hand, Brothers in Arms


You were on level 11 of the Dungeon.
You worshipped Trog.
Trog was extremely pleased with you.
You visited 1 branch of the dungeon, and saw 11 of its levels.

You collected 719 gold pieces.

Inventory:

Hand Weapons
 a - a +0 falchion
 c - a +2 antimagic dagger
 z - a +0 great sword
 H - a +2 demon blade of flaming (weapon)
 M - a +0 vampiric falchion
 O - a +2 great sword of freezing
 T - a +4 vorpal triple sword
Missiles
 y - a throwing net (quivered)
Armour
 l - a +0 helmet (worn)
 s - a +0 chain mail
 D - a +0 pair of boots (worn)
 Q - +0 acid dragon scales (worn)
Jewellery
 g - an amulet of regeneration (around neck)
 B - a +4 ring of protection (left hand)
 E - an amulet of magic regeneration
 L - a ring of positive energy (right hand)
 N - a ring of positive energy
 P - the amulet of the Four Winds {rN+ Will+++ Clar}
   (You found it on level 7 of the Dungeon)

   [amulet of nothing]

   rN:        It protects you from negative energy.
   Clar:      It protects you against confusion.
   Will:      It greatly increases your willpower.
Wands
 q - a wand of digging (18)
 F - a wand of flame (32)
 J - a wand of polymorph (15)
 S - a wand of acid (6)
Scrolls
 d - a scroll of immolation
 e - 4 scrolls of teleportation {unknown}
 f - a scroll of vulnerability {unknown}
 j - a scroll of fear
 k - 2 scrolls of enchant armour {unknown}
 p - a scroll of torment
 v - a scroll of blinking
 w - 2 scrolls of silence
 C - 3 scrolls of noise {unknown}
 G - a scroll of brand weapon {unknown}
 I - a scroll of acquirement {unknown}
Potions
 b - 3 potions of degeneration {unknown}
 h - a potion of lignification
 i - 2 potions of flight {unknown}
 m - 2 potions of cancellation {unknown}
 n - 3 potions of invisibility {unknown}
 o - a potion of attraction {unknown}
 r - 3 potions of curing {unknown}
 t - 2 potions of brilliance {unknown}
 u - 3 potions of might {unknown}
 x - 2 potions of heal wounds {unknown}
 A - a potion of haste {unknown}
 K - 3 potions of mutation {unknown}
Miscellaneous
 R - a tin of tremorstones (2/2)


   Skills:
 + Level 7.4 Fighting
 + Level 16.3 Long Blades
 + Level 4.0 Armour
 + Level 4.0 Dodging


You had 11 spell levels left.
You didn't know any spells.
Your spell library was empty.

Dungeon Overview and Level Annotations

Branches:
Dungeon (11/15)            Temple (0/1) D:5            Lair (0/6) D:9
    Orc: D:9-12

Altars:
Ashenzari
Dithmenos
Hepliaklqana
Kikubaaqudgha
Makhleb
Nemelex Xobeh
Okawaru
Qazlal
Ru
Trog
Uskayaw
Wu Jian
Xom
Yredelemnul
The Shining One

Shops:
D:2 *

Annotations:
D:5 2 transporters, rayg00n's ghost, weakling FoDe


Message History

You slash the meliai! You burn the meliai.
You kill the meliai!
Trog accepts your kill.
You feel sick.
The meliai calls down the wrath of its god upon you.
Something smites you!
* * * LOW HITPOINT WARNING * * *
The meliai hits you with a +0 hand axe.
* * * LOW HITPOINT WARNING * * *
The meliai misses you.
You closely miss the meliai.
You feel sick. The meliai closely misses you. The meliai stings you.
* * * LOW HITPOINT WARNING * * *
The meliai hits you with a +0 hand axe!
* * * LOW HITPOINT WARNING * * *
The meliai stings you but does no damage.
You slice the meliai!! You burn the meliai!
You kill the meliai!
Trog accepts your kill.
You feel sick. The meliai barely misses you.
The meliai stings you but does no damage.
Your Armour skill increases to level 4!
Your Dodging skill increases to level 4!
You hit the meliai. You burn the meliai.
The meliai is moderately wounded.
You feel sick.
You closely miss the meliai.
The meliai is moderately wounded.
You feel sick. The meliai completely misses you. The meliai stings you.
* * * LOW HITPOINT WARNING * * *
You closely miss the meliai.
The meliai is moderately wounded.
* * * LOW HITPOINT WARNING * * *
You feel sick. The meliai completely misses you. The meliai closely misses you.
The orc misses you.
You barely miss the meliai.
The meliai is moderately wounded.
* * * LOW HITPOINT WARNING * * *
You feel sick. The meliai hits you with a +0 hand axe.
You die...

..# #.# #.. #.# #.# #.#
#.# #.# #.#
#.######.#### #.#
.......[....# #.#
..#......##.# #.# ###.
.........##.###.###.....
..#.................###.
..#......##.###.@o......
..####.####.#...)y..####
..# #.# #.#.........#
..# ##.## #.#?.####.#.#
..###...###.#.. .# #
............... #
#)###...##.....
#...().## .... ########
..


You could see a meliai and an orc.

Vanquished Creatures
  Fannar (D:10)
  2 two-headed ogres
  An ugly thing (D:11)
  A cyclops (D:11)
  2 centaur zombies
  Psyche (D:11)
  2 meliai (D:11)
  A troll (D:11)
  Sigmund (D:5)
  A wyvern (D:9)
  8 yaks (D:8)
  4 vampire mosquitoes
  Edmund (D:6)
  Menkaure (D:5)
  2 wargs (D:9)
  2 acid dragons
  2 water moccasins
  3 black bears
  7 orc warriors
  An ogre (D:4)
  A sky beast (D:6)
  4 centaurs
  A kobold brigand (D:9)
  2 phantoms
  A gnoll sergeant (D:7)
  2 bullfrogs
  A wyvern zombie (D:8)
  2 scorpions
  A wyvern skeleton (D:7)
  10 killer bees
  A water moccasin skeleton (D:5)
  8 wights
  2 jellies
  5 howler monkeys
  A gnoll shaman (D:9)
  3 hounds
  6 orc priests
  2 bullfrog skeletons (D:5)
  3 iguanas
  18 orc wizards
  Ijyb (D:3)
  A hound zombie (D:5)
  A hound skeleton (D:4)
  Robin (D:2)
  19 gnolls
  9 adders
  A white imp (D:5)
  An ufetubus (D:4)
  An adder skeleton (D:4)
  A worm (D:3)
  2 dart slugs (D:2)
  40 orcs
  3 bats (D:2)
  A bat zombie (D:8)
  6 endoplasms
  8 giant cockroaches
  14 goblins
  5 hobgoblins (D:1)
  11 kobolds
  9 quokkas
  4 ball pythons
  5 frilled lizards
  5 rats
  A rat zombie (D:8)
  A spectral orc (D:10)
269 creatures vanquished.

Vanquished Creatures (others)
  6 plants (D:3)
6 creatures vanquished.

Grand Total: 275 creatures vanquished

Notes
Turn   | Place    | Note
-------+----------+-------------------------------------------
     0 | D:1      | Johnny the Human Berserker began the quest for the Orb.
     0 | D:1      | Reached XP level 1. HP: 18/18 MP: 1/1
   278 | D:1      | Reached XP level 2. HP: 22/24 MP: 2/2
   414 | D:1      | Found a faded altar of an unknown god.
   873 | D:1      | Reached XP level 3. HP: 24/29 MP: 3/3
  1296 | D:2      | Noticed Robin
  1378 | D:1      | Reached ** piety under Trog
  1379 | D:1      | Reached skill level 4 in Long Blades
  1452 | D:2      | Killed Robin
  1453 | D:2      | Reached XP level 4. HP: 20/35 MP: 4/4
  1518 | D:2      | Found Cubosk's Assorted Antiques.
  1930 | D:2      | Reached XP level 5. HP: 36/42 MP: 5/5
  2217 | D:3      | Reached skill level 5 in Long Blades
  2377 | D:3      | Reached XP level 6. HP: 48/48 MP: 6/6
  2497 | D:3      | Noticed Ijyb
  2503 | D:3      | Killed Ijyb
  2908 | D:4      | Reached *** piety under Trog
  2909 | D:4      | Reached skill level 6 in Long Blades
  2921 | D:4      | Reached XP level 7. HP: 55/55 MP: 7/7
  3008 | D:4      | Reached skill level 5 in Fighting
  3178 | D:4      | Found a stormy altar of Qazlal.
  3410 | D:4      | Reached skill level 7 in Long Blades
  3490 | D:4      | Found a bloodstained altar of Trog.
  3729 | D:5      | Entered Level 5 of the Dungeon
  3826 | D:5      | Reached XP level 8. HP: 45/63 MP: 8/8
  3945 | D:5      | Noticed Sigmund
  3959 | D:5      | Killed Sigmund
  3960 | D:5      | Reached skill level 8 in Long Blades
  4018 | D:5      | Found a transporter.
  4088 | D:5      | Noticed rayg00n's ghost (weakling FoDe)
  4196 | D:5      | Found a transporter.
  4200 | D:5      | Noticed an ancient zyme
  4227 | D:5      | Found a staircase to the Ecumenical Temple.
  4268 | D:5      | Reached **** piety under Trog
  4411 | D:5      | Noticed Menkaure
  4419 | D:5      | Killed Menkaure
  4420 | D:5      | Reached skill level 9 in Long Blades
  4420 | D:5      | Reached XP level 9. HP: 37/71 MP: 9/9
  4581 | D:5      | Found a hide-covered altar of Uskayaw.
  4722 | D:6      | Found a broken altar of Ashenzari.
  4861 | D:6      | Noticed Edmund
  4873 | D:6      | Killed Edmund
  4874 | D:6      | Reached skill level 10 in Long Blades
  5651 | D:7      | Reached skill level 11 in Long Blades
  5834 | D:8      | Reached skill level 12 in Long Blades
  5834 | D:8      | Reached XP level 10. HP: 77/77 MP: 10/10
  5845 | D:8      | Reached ***** piety under Trog
  5882 | D:8      | Found a shimmering altar of Xom.
  5883 | D:8      | Found a hazy altar of Hepliaklqana.
  5884 | D:8      | Noticed a spectral ugly thing
  5884 | D:8      | Noticed a Killer Klown
  6098 | D:8      | Found a sparkling altar of Nemelex Xobeh.
  6233 | D:8      | Reached skill level 13 in Long Blades
  6287 | D:8      | Found an ancient bone altar of Kikubaaqudgha.
  6460 | D:7      | Found a burning altar of Makhleb.
  6460 | D:7      | Noticed a balrug
  6479 | D:7      | Received a gift from Trog
  6606 | D:7      | Reached skill level 14 in Long Blades
  6654 | D:7      | Found the amulet of the Four Winds {rN+ Will+++ Clar}
  6803 | D:9      | Noticed a two-headed ogre
  7073 | D:9      | Reached XP level 11. HP: 54/83 MP: 11/11
  7079 | D:9      | Found a staircase to the Lair.
  7132 | D:9      | Killed a two-headed ogre
  7133 | D:9      | Reached skill level 15 in Long Blades
  7594 | D:9      | Found a glowing golden altar of the Shining One.
  7594 | D:9      | Found a shadowy altar of Dithmenos.
  7601 | D:9      | Found a sacrificial altar of Ru.
  7603 | D:9      | Found a faded altar of an unknown god.
  7605 | D:9      | Found a faded altar of an unknown god.
  7627 | D:9      | Found an ornate altar of the Wu Jian Council.
  7740 | D:10     | Entered Level 10 of the Dungeon
  7871 | D:10     | Reached skill level 16 in Long Blades
  7991 | D:10     | Noticed Fannar
  8009 | D:10     | Killed Fannar
  8078 | D:10     | Found an iron altar of Okawaru.
  8170 | D:10     | Noticed a two-headed ogre
  8180 | D:10     | Killed a two-headed ogre
  8282 | D:10     | Found a basalt altar of Yredelemnul.
  8649 | D:11     | Noticed Psyche
  8779 | D:11     | Killed Psyche
  8912 | D:11     | Noticed a green ugly thing
  8927 | D:11     | Killed a green ugly thing
  8945 | D:11     | Received a gift from Trog
  8947 | D:11     | Noticed a cyclops
  8962 | D:11     | Killed a cyclops
  8963 | D:11     | Reached XP level 12. HP: 44/91 MP: 12/12
  9047 | D:11     | HP: 6/136 [meliai (7)]
  9050 | D:11     | HP: 1/136 [meliai (5)]
  9052 | D:11     | Slain by a meliai

Illustrated notes

Levels and vault maps discovered:
D:1:      minmay_arrival_shattered_statue, layout_loops_cross,
          shapermc_ecumenical_altar_petra
D:2:      layout_loops_ring, serial_shops, shop, minmay_misc_feat_enclosed,
          uniq_robin
D:3:      layout_loops_ring, serial_bayou_crossing, uniq_ijyb
D:4:      layout_loops_ring, overflow_temple_1_default, old_standard_altar
D:5:      layout_gridville, mainiacjoe_overflow_tiny_flanked,
          nicolae_overflow_hidden_temple, minmay_temple_entry_antechambers,
          gammafunk_ghost_abyssal_escape, uniq_sigmund, uniq_menkaure
D:6:      layout_loops_cross, mainiacjoe_overflow_boulevard, uniq_edmund
D:7:      layout_basic, makhleb_altar_promises_db
D:8:      layout_rooms, regret_index_temple_of_mockery,
          lemuel_zombie_altar_kikubaaqudgha, nemelex_diamond_rough_becter
D:9:      layout_basic, mainiacjoe_overflow_alcove_4,
          chequers_temple_overflow_minitemple, erik_lair_orcish_takeover,
          moated_statue, kennysheep_big_empty_room, feat_on_display
D:10:     layout_cave_pools, okawaru_altar_gauntlet_db,
          yredelemnul_forgotten_temple_becter, uniq_fannar
D:11:     layout_loops_ring, uniq_psyche

Skill      XL: |  1  2  3  4  5  6  7  8  9 10 11 12 |
---------------+-------------------------------------+-----
Long Blades    | 4 5 6 7 9 12 14 16 | 16.3
Fighting       | 4 5 6 7 |  7.4
Armour         | 3 4 |  4.0
Dodging        | 3 4 |  4.0

Action                   |  1- 3 |  4- 6 |  7- 9 | 10-12 || total
-------------------------+-------+-------+-------+-------++-------
Melee: Falchion          |   125 |   183 |   133 |    57 ||   498
       Great sword       |       |       |    82 |       ||    82
       Demon blade       |       |       |    77 |   347 ||   424
Throw: Throwing net      |       |       |       |     4 ||     4
Invok: Berserk           |     4 |     4 |    10 |    17 ||    35
       Trog's Hand       |       |       |       |     1 ||     1
  Use: Potion            |     1 |     1 |       |       ||     2
       Scroll            |       |       |       |     8 ||     8
 Stab: Sleeping          |     1 |       |       |       ||     1
Armor: Animal skin       |    19 |    35 |    10 |       ||    64
       Skin              |     3 |    40 |       |       ||    43
       Chain mail        |       |       |   142 |    75 ||   217
       Acid dragon scale |       |       |       |   101 ||   101
Dodge: Dodged            |   109 |   113 |   153 |   155 ||   530

Table legend: (Time is in decaauts)
 A = Elapsed time spent in this place.
 B = Non-inter-level travel time spent in this place.
 C = Inter-level travel time spent in this place.
 D = Time resting spent in this place.
 E = Time spent auto-exploring this place.
 F = Levels seen in this place.
 G = Mean time per level.
                   A        B        C        D        E       F      G
               +--------+--------+--------+--------+--------+-----+--------+
         Total |   9223 |   8759 |    464 |   1009 |   5801 |  11 |  838.5 |
       Dungeon |   9223 |   8759 |    464 |   1009 |   5801 |  11 |  838.5 |
               +--------+--------+--------+--------+--------+-----+--------+

Top non-repeatable levels by time:
     D:1: 1456 daAuts
     D:5: 1015 daAuts
     D:9: 884 daAuts
     D:8: 846 daAuts
     D:4: 822 daAuts
     D:3: 802 daAuts
     D:7: 770 daAuts
     D:2: 768 daAuts
    D:10: 700 daAuts
     D:6: 639 daAuts
    D:11: 517 daAuts
